 Dungeon Crawl Stone Soup version 0.28.0-47-ge53b351184 (webtiles) character file.

Game seed: 1965042270617871911

589 Zeld the Conjurer (level 7, 49/58 HPs)
             Began as a Purple Draconian Conjurer on Apr 29, 2022.
             Quit the game on level 5 of the Dungeon.
             The game lasted 00:06:04 (5240 turns).

Zeld the Conjurer (Purple Draconian Conjurer)       Turns: 5240, Time: 00:06:05

Health: 49/58      AC:  7    Str:  9    XL:     7   Next: 15%
Magic:  11/14      EV: 12    Int: 21    God:
Gold:   242        SH:  0    Dex:  9    Spells: 4/15 levels left

rFire   . . .      SeeInvis .   (no weapon)
rCold   . . .      Faith    .   (no shield)
rNeg    . . .      Spirit   .   (armour unavailable)
rPois   .          Reflect  .   (helmet restricted)
rElec   .          Harm     .   c - +0 cloak
rCorr   .          Rampage  .   (no gloves)
Will    +....                   (no boots)
Stlth   ++........              (no amulet)
HPRegen 0.19/turn               (no ring)
MPRegen 0.14/turn               (no ring)

@: no status effects
A: breathe power, AC +6, unfitting armour, cold-blooded
a: Breathe Dispelling Energy


You were on level 5 of the Dungeon.
You visited 2 branches of the dungeon, and saw 7 of its levels.

You collected 242 gold pieces.

Inventory:

Armour
 c - a +0 cloak (worn)
Scrolls
 a - a scroll of fear {unknown}
 d - 2 scrolls of enchant weapon {unknown}
 e - 3 scrolls of identify {unknown}
 h - a scroll of fog {unknown}
 i - 2 scrolls of teleportation {unknown}
 j - a scroll of blinking {unknown}
 k - a scroll of acquirement {unknown}
 l - a scroll of brand weapon {unknown}
Potions
 b - a potion of curing {unknown}
 f - a potion of heal wounds {unknown}
 g - a potion of flight {unknown}
 m - a potion of haste {unknown}
 n - a potion of might {unknown}


   Skills:
 * Level 3.7 Fighting
 + Level 2.8 Dodging
 + Level 3.0 Stealth
 * Level 4.7 Spellcasting
 * Level 5.4 Conjurations
 + Level 1.1 Hexes
 + Level 1.2 Translocations


You had 4 spell levels left.
You knew the following spells:

 Your Spells              Type           Power      Damage    Failure   Level
a - Magic Dart            Conj           100%       1d8       1%          1
b - Searing Ray           Conj           54%        2d6       1%          2
c - Fulminant Prism       Conj/Hex       9%         3d7       28%         4
d - Iskenderun's Mystic   Conj/Tloc      19%        2d6       28%         4

Your spell library contained the following spells:

 Spells                   Type           Power      Damage    Failure   Level
 Shock                    Conj/Air       64%        1d7       3%          1
 Dazzling Flash           Conj/Hex       36%        N/A       9%          3
 Sublimation of Blood     Necr           4%         N/A       17%         2
 Wereblood                Tmut           4%         N/A       17%         2
 Swiftness                Air            4%         N/A       32%         3
 Airstrike                Air            2%         N/A       73%         4
 Summon Hydra             Summ           2%         N/A       100%        7


Dungeon Overview and Level Annotations

Branches:
Dungeon (6/15)             Temple (1/1) D:5

Altars:
Ashenzari
Fedhas
Gozag
Hepliaklqana
Makhleb
Nemelex Xobeh
Trog
Wu Jian
Xom
Zin
The Shining One

Annotations:
D:6 Edmund


Innate Abilities, Weirdness & Mutations

You can breathe bolts of dispelling energy.
Your rich purple scales are hard. (AC +6)
You cannot fit into any form of body armour.
You are cold-blooded and may be slowed by cold attacks.


Message History

Aiming: Magic Dart (safe; 1% risk of failure)
Press: ? - help, Shift-Dir - straight line, f/p - hornet zombie
Aim: a hornet zombie (severely damaged, 100% to hit)
The magic dart hits the hornet zombie.
The hornet zombie is almost destroyed.
The hornet zombie hits you but does no damage. x2
Unknown command.
The hornet zombie hits you but does no damage.
The hornet zombie misses you. The hornet zombie barely misses you.
The hornet zombie hits you! The hornet zombie misses you.
There is a stone staircase leading up here.
The hornet zombie hits you but does no damage.
You climb upwards.
There is a stone staircase leading down here.
You start resting.
Magic restored.
You start resting.
HP restored.
You climb downwards.
The hornet zombie hits you. x2
There is a stone staircase leading up here.
Casting: Magic Dart (safe; 1% risk of failure)
Confirm with . or Enter, or press ? or * to list all spells.
Aiming: Searing Ray (safe; 1% risk of failure)
Press: ? - help, Shift-Dir - straight line, f - hornet zombie
Aim: a hornet zombie (almost destroyed, 82% to hit)
The searing ray hits the hornet zombie.
You destroy the hornet zombie! (Press . to maintain the ray.)
Your life force feels restored.
Your Stealth skill increases to level 3!
You have reached level 7!
Your scales start taking on a rich purple colour.
You learn Spellcasting much quicker.
Your Spellcasting skill increases to level 4!
You learn Hexes much quicker.
Your Hexes skill increases to level 1!
You learn Evocations quicker.
You can breathe bolts of dispelling energy.
Are you sure you want to abandon this character and quit the game? (Confirm with "yes".)

####.#####.......#
.................#
###..............#
##............###########
#.................#.....##
.........................##
#.......................(.#
#.........................#
#...............@.........#
.#..........>.............#
..........................#
...........#...(.........##
#.................#.....##
............###.#########
.......##....##.#
.#......##.#.##.#
.(....#....#.##.#


There were no monsters in sight!

Vanquished Creatures
  A hornet zombie (D:5)
  An ogre (D:4)
  A bullfrog (D:4)
  A howler monkey (D:4)
  A centaur zombie (D:5)
  A hound (D:3)
  An orc priest (D:5)
  A centaur skeleton (D:4)
  A hound skeleton (D:5)
  3 gnolls (D:2)
  7 adders
  2 adder skeletons (D:4)
  2 worms
  4 dart slugs
  6 orcs
  3 ball pythons
  2 endoplasms
  4 giant cockroaches
  3 goblins
  6 hobgoblins
  7 kobolds
  2 quokkas
  8 bats
  A frilled lizard (D:1)
  3 rats
72 creatures vanquished.

Notes
Turn   | Place    | Note
-------+----------+-------------------------------------------
     0 | D:1      | Zeld the Draconian Conjurer began the quest for the Orb.
     0 | D:1      | Reached XP level 1. HP: 14/14 MP: 3/3
   510 | D:1      | Reached XP level 2. HP: 22/22 MP: 1/5
   782 | D:1      | Reached skill level 1 in Fighting
   960 | D:2      | Learned a level 2 spell: Searing Ray
   961 | D:2      | You fall into a shaft and drop 1 floor!
  1053 | D:4      | Noticed an ogre
  1077 | D:4      | Noticed a howler monkey
  1136 | D:3      | Reached XP level 3. HP: 9/28 MP: 0/6
  1440 | D:3      | Found a bloodstained altar of Trog.
  1967 | D:2      | Reached XP level 4. HP: 34/36 MP: 1/7
  2872 | D:3      | Reached XP level 5. HP: 42/42 MP: 6/9
  3685 | D:4      | Killed an ogre
  3686 | D:4      | Reached skill level 5 in Conjurations
  3686 | D:4      | Reached XP level 6. HP: 29/51 MP: 2/11
  3692 | D:4      | Learned a level 4 spell: Fulminant Prism
  3704 | D:4      | Learned a level 4 spell: Iskenderun's Mystic Blast
  3896 | D:4      | Found a glowing silver altar of Zin.
  4422 | D:5      | Entered Level 5 of the Dungeon
  4434 | D:5      | Noticed Edmund
  4523 | D:5      | Reached skill level 1 in Translocations
  4695 | D:5      | Found a staircase to the Ecumenical Temple.
  4724 | Temple   | Entered the Ecumenical Temple
  4987 | D:6      | Noticed a sky beast
  5240 | D:5      | Your scales start taking on a rich purple colour.
  5240 | D:5      | Reached skill level 1 in Hexes
  5240 | D:5      | Reached XP level 7. HP: 49/58 MP: 11/14
  5240 | D:5      | Quit the game

Illustrated notes

Levels and vault maps discovered:
D:1:      dpeg_arrival_renting, layout_rooms
D:2:      layout_loops_ring, minmay_tiny_reverse_x
D:3:      wad_river_or_something, layout_basic,
          mainiacjoe_overflow_cross_hatched
D:4:      layout_rooms, mainiacjoe_overflow_brackets
D:5:      layout_rooms, minmay_temple_entry_purple_smoke, uniq_edmund
D:6:      layout_rooms, ebering_ghost_xom
Temple:   jpeg_temple_island

Skill      XL: |  1  2  3  4  5  6 |
---------------+-------------------+-----
Fighting       | 1 2 3 |  3.7
Stealth        | 2 3 |  3.0
Dodging        | 2 |  2.8
Spellcasting   | 3 4 |  4.7
Conjurations   | 5 |  5.4
Translocations | 1 |  1.2
Hexes          | 1 |  1.1

Action                   |  1- 3 |  4- 6 |  7- 9 || total
-------------------------+-------+-------+-------++-------
Melee: Unarmed           |    80 |     9 |       ||    89
       Tailslap          |    10 |       |       ||    10
       Punch             |     2 |       |       ||     2
 Cast: Magic Dart        |    69 |    72 |       ||   141
       Searing Ray       |     5 |    16 |       ||    21
Armor: Skin              |    43 |    32 |       ||    75
Dodge: Dodged            |    74 |    52 |       ||   126
